Map: Battle on the Boardwalk LE

Players

SamuraiFunn

  • Race: Protoss Protoss
  • League: Platinum
  • Spawn Location: 1:00

davesyourfav - Winner!

  • Race: Terran Terran
  • League: Platinum
  • Spawn Location: 11:00

VOD

Have the link to the VOD?

Description

Time

  • Played on: Nov. 26, 2017, 2:23 p.m.
  • Length: 7:57
Show
View Real Time Build Order
Export as new Build Order

SamuraiFunn Protoss 

Build Orders:  

Get SALT Encoding   

  12  0:03  Probe  
  13  0:15  Probe  
  14  0:21  Pylon  
  14  0:27  Probe  
  15  0:39  Probe  
  16  0:45  Gateway  
  16  0:56  Probe  
  17  1:08  Probe  
  18  1:12  Gateway  
  18  1:17  Assimilator  
  18  1:20  Probe (Chrono Boost)  
  18  1:22  Pylon  
  19  1:31  Probe (Chrono Boost)  
  20  1:37  Cybernetics Core  
  20  1:39  Zealot  
  22  1:46  Probe  
  23  1:52  Assimilator  
  23  1:58  Probe  
  23  2:12  Probe  
  23  2:15  Warp Gate (Chrono Boost)  
  24  2:23  Gateway, Adept  
  24  2:29  Probe  
  27  2:41  Probe, Pylon  
  28  2:49  Zealot  
  30  2:53  Probe  
  31  3:12  Probe  
  32  3:17  Nexus  
  32  3:20  Pylon  
  32  3:22  Adept  
  32  3:25  Adept  
  36  3:38  Stalker  
  38  3:42  Probe  
  39  3:54  Probe  
  40  4:00  Robotics Facility  
  40  4:06  Probe  
  41  4:16  Gateway  
  41  4:18  Probe  
  42  4:26  Stalker  
  42  4:28  Assimilator  
  45  4:31  Probe (Chrono Boost)  
  47  4:39  Probe (Chrono Boost)  
  47  4:43  Probe x2 (Chrono Boost), Stalker  
  50  4:45  Probe  
  51  4:54  Probe  
  51  4:55  Stalker  
  51  4:57  Probe  
  54  5:12  Immortal (Chrono Boost)  
  57  5:16  Stalker x2  
  57  5:32  Stalker  
  51  5:51  Stalker x2  
  41  6:07  Immortal  
  41  6:10  Zealot  
Show
View Real Time Build Order
Export as new Build Order

davesyourfav Terran - Winner!

Build Orders:  

Get SALT Encoding   

  12  0:01  SCV  
  13  0:15  Supply Depot  
  13  0:19  SCV  
  14  0:28  Refinery  
  14  0:39  Barracks  
  14  0:46  SCV  
  15  0:58  SCV  
  15  1:03  Barracks  
  16  1:10  SCV  
  17  1:26  Marine  
  17  1:29  Supply Depot  
  18  1:35  Orbital Command  
  18  1:44  Marine  
  19  1:51  Barracks Tech Lab  
  19  1:56  Factory  
  19  2:07  Barracks Reactor  
  19  2:16  Refinery  
  19  2:19  Marauder  
  19  2:22  SCV  
  22  2:34  SCV  
  23  2:41  Marauder  
  25  2:45  Supply Depot  
  25  2:46  Factory Tech Lab  
  25  2:47  Marine  
  25  2:50  Marine  
  27  2:57  Concussive Shells  
  27  3:02  Marauder  
  29  3:16  Marine x2  
  31  3:21  SCV  
  31  3:24  Marauder  
  33  3:28  Siege Tank  
  33  3:34  Marine x2  
  37  3:40  Supply Depot  
  38  3:50  Starport  
  38  4:02  Marauder  
  40  4:03  Supply Depot  
  40  4:12  Siege Tank  
  43  4:17  Marine  
  43  4:20  Marine  
  45  4:26  Marauder  
  45  4:30  Starport Reactor  
  47  4:34  SCV  
  48  4:42  Barracks  
  48  5:02  Engineering Bay  
  48  5:05  Siege Tank  
  51  5:10  Marine x2  
  51  5:13  Marauder  
  55  5:28  Marine x2  
  54  5:34  Marine  
  50  5:50  Marine  
  50  5:51  Marine x2  
  50  5:52  Marauder  
  51  6:10  Marine x2  
  53  6:14  Marauder  
Tags
 
Add a new tag
Caveats
  • Supply blocks, unpowered buildings, or Contaminate may cause inaccurate times.
  • Supply counts are checked every 10 seconds.